 Dungeon Crawl Stone Soup version 0.30-a0-534-gdc55766716 (webtiles) character file.

Game seed: 3970043505569989891

30 Khashishi the Grasshopper (level 3, -1/28 HPs)
             Began as a Human Warper on Dec 25, 2022.
             Slain by a hobgoblin
             ... wielding a +0 mace
              (3 damage)
             ... on level 2 of the Dungeon.
             The game lasted 00:07:04 (901 turns).

Khashishi the Grasshopper (Human Warper)             Turns: 901, Time: 00:07:05

Health: -1/28      AC:  3    Str: 13    XL:     3   Next: 35%
Magic:  6/6        EV: 12    Int: 13    God:
Gold:   23         SH:  0    Dex: 12    Spells: 4/6 levels left

rFire   . . .      SeeInvis .    a - +0 spear
rCold   . . .      Faith    .    (no shield)
rNeg    . . .      Spirit   .    g - +0 leather armour
rPois   .          Reflect  .    (no helmet)
rElec   .          Harm     .    (no cloak)
rCorr   .          Rampage  .    (no gloves)
Will    .....                    (no boots)
Stlth   +                        (no amulet)
HPRegen 0.24/turn                (no ring)
MPRegen 0.10/turn                (no ring)

@: no status effects
A: no striking features
a: no special abilities


You were on level 2 of the Dungeon.
You visited 1 branch of the dungeon, and saw 2 of its levels.

You collected 23 gold pieces.

Inventory:

Hand Weapons
 a - a +0 spear (weapon)
 b - a +0 sling
Missiles
 d - 5 boomerangs of dispersal (quivered)
 j - 7 stones
Armour
 g - a +0 leather armour (worn)
Scrolls
 c - 2 scrolls of blinking
 i - a scroll of amnesia {unknown}
 k - a scroll of magic mapping {unknown}
Potions
 e - a potion of mutation {unknown}
 f - a potion of curing {unknown}
 h - a potion of ambrosia {unknown}


   Skills:
 + Level 2.3 Fighting
 + Level 2.3 Polearms
 + Level 0.2 Ranged Weapons
 - Level 1.0 Throwing
 + Level 1.3 Armour
 + Level 2.2 Dodging
 + Level 2.2 Spellcasting
 + Level 3.1 Translocations


You had 4 spell levels left.
You knew the following spells:

 Your Spells              Type           Power      Damage    Failure   Level
a - Blink                 Tloc           18%        N/A       13%         2

Your spell library contained the following spells:

 Spells                   Type           Power      Damage    Failure   Level
 Lesser Beckoning         Tloc           18%        N/A       26%         3
 Teleport Other           Tloc           9%         N/A       26%         3
 Vhi's Electric Charge    Tloc/Air       10%        N/A       45%         3
 Manifold Assault         Tloc           9%         N/A       65%         4


Dungeon Overview and Level Annotations

Branches:
Dungeon (2/15)

Altars:

Shops:
D:1 [


Message History

You climb downwards.
There is a stone staircase leading up here.
You see here a rat corpse.
There is an open door here.
There is an open door here.
You open the door.
There is an open door here.
k - a scroll labelled LUXAER ZAWAXTO
Found a stone staircase leading down.
There is a stone staircase leading down here.
A hobgoblin comes into view. It is wielding a +0 mace.
You hit the hobgoblin but do no damage. The hobgoblin barely misses you.
You barely miss the hobgoblin. The hobgoblin hits you with a +0 mace.
You barely miss the hobgoblin. The hobgoblin hits you with a +0 mace.
You hit the hobgoblin but do no damage. The hobgoblin barely misses you.
You closely miss the hobgoblin. The hobgoblin barely misses you.
You hit the hobgoblin but do no damage. The hobgoblin closely misses you.
You barely miss the hobgoblin. The hobgoblin hits you with a +0 mace!
You are too injured to fight recklessly!
The hobgoblin attacks as you move away! The hobgoblin hits you with a +0 mace.
* * * LOW HITPOINT WARNING * * *
You closely miss the hobgoblin. The hobgoblin closely misses you.
You hit the hobgoblin.
The hobgoblin is moderately wounded.
The hobgoblin completely misses you.
You hit the hobgoblin but do no damage.
The hobgoblin is moderately wounded.
The hobgoblin barely misses you.
You hit the hobgoblin but do no damage.
The hobgoblin is moderately wounded.
The hobgoblin hits you with a +0 mace.
* * * LOW HITPOINT WARNING * * *
Throw: 6 boomerangs (disperse)
Press: ? - help, Q - select action, (/) - cycle Shift-Dir - straight line, f - hobgoblin
Aim: a hobgoblin, wielding a +0 mace and wearing a +0 ring mail (moderately wounded, 61% to hit)
You throw a boomerang of dispersal.
The boomerang of dispersal hits the hobgoblin but does no damage.
The hobgoblin is moderately wounded.
The hobgoblin hits you with a +0 mace.
You die...

#######
#######.....#
...........>#
........#.#.#
#######.#.#.#
#.##########.#.#.#
#......g@....#.#.#
.......#######.#.#
....... ..#.#
....... ###.#
....... #.#
....... ###.#
....... #...#
####### #.###
########## #.#


You could see a hobgoblin.

Vanquished Creatures
  3 endoplasms (D:1)
  2 giant cockroaches (D:1)
  3 goblins (D:1)
  6 hobgoblins (D:1)
  A kobold (D:1)
  5 ball pythons (D:1)
  3 bats (D:1)
  3 rats
26 creatures vanquished.

Notes
Turn   | Place    | Note
-------+----------+-------------------------------------------
     0 | D:1      | Khashishi the Human Warper began the quest for the Orb.
     0 | D:1      | Reached XP level 1. HP: 16/16 MP: 3/3
   144 | D:1      | Reached XP level 2. HP: 22/22 MP: 5/5
   171 | D:1      | Learned a level 2 spell: Blink
   200 | D:1      | Found Mohodeo's Armour Boutique.
   374 | D:1      | Reached XP level 3. HP: 23/27 MP: 6/6
   901 | D:2      | Slain by a hobgoblin

Illustrated notes

Levels and vault maps discovered:
D:1:      minmay_arrival_solitary_statue, layout_loops_ring, serial_shops, shop
D:2:      layout_basic, serial_glass, glass_columns_a, glass_columns_a,
          minmay_pentomino_u4

Action                   || total
-------------------------++-------
Melee: Spear             ||   104
       Punch             ||     1
 Fire: Sling             ||    11
Throw: Stone             ||     6
       Boomerang         ||     2
 Stab: Sleeping          ||     1
Armor: Leather armour    ||    16
Dodge: Dodged            ||    46

Table legend: (Time is in decaauts)
 A = Elapsed time spent in this place.
 B = Non-inter-level travel time spent in this place.
 C = Inter-level travel time spent in this place.
 D = Time resting spent in this place.
 E = Time spent auto-exploring this place.
 F = Levels seen in this place.
 G = Mean time per level.
                   A        B        C        D        E       F      G
               +--------+--------+--------+--------+--------+-----+--------+
         Total |    899 |    823 |     76 |     26 |    483 |   2 |  449.5 |
       Dungeon |    899 |    823 |     76 |     26 |    483 |   2 |  449.5 |
               +--------+--------+--------+--------+--------+-----+--------+

Top non-repeatable levels by time:
     D:1: 727 daAuts
     D:2: 172 daAuts
